[Event "Titled Tuesday Blitz April 4 Early 2023"]
[White "UNSTOPPABLE_LEGEND"]
[Black "Manukyan, Sargis A."]
[BlackFideId "13303970"]
[WhiteElo "2512"]
[BlackElo "2187"]
[Result "0-1"]
[Round "09"]
[TimeControl "180+2"]
[Date "2023.04.04"]
[WhiteClock "0:01:20"]
[BlackClock "0:00:52"]

1. Nf3 d5 2. b3 e6 3. Bb2 Nf6 4. e3 Be7 5. Be2 c5 6. O-O O-O 7. c4 Nc6 8. cxd5 Nxd5 9. Nc3 b6 10. d4 Nxc3 11. Bxc3 cxd4 12. Nxd4 Nxd4 13. Bxd4 Bb7 14. Bf3 Qd7 15. Be5 Qxd1 16. Rfxd1 Bxf3 17. gxf3 Rfd8 18. Kf1 f6 19. Bg3 Kf7 20. Ke2 Ke8 21. Rdc1 Rac8 22. Rxc8 Rxc8 23. Kd2 Bb4+ 24. Kd1 e5 25. Rc1 Rd8+ 26. Kc2 Rd2+ 27. Kb1 Ba3 28. Rg1 Kf7 29. h3 g6 30. h4 h5 31. Rf1 Ke6 32. Re1 b5 33. Rf1 a6 34. Rg1 a5 35. Re1 a4 36. Rf1 Bb2 37. Re1 a3 38. Rf1 Bc3 39. Rd1 Rxd1+ 40. Kc2 Ra1 0-1


[Site "https://www.chess.com"]

[Event "Titled Tuesday Blitz April 4 Early 2023"]
[White "Sokolovsky, Yahli"]
[Black "Goffredo_Fofi"]
[WhiteFideId "2820242"]
[WhiteElo "2316"]
[BlackElo "2513"]
[Result "1-0"]
[Round "09"]
[TimeControl "180+2"]
[Date "2023.04.04"]
[WhiteClock "0:00:04"]
[BlackClock "0:00:08"]

1. b3 g6 2. Bb2 Nf6 3. e4 Bg7 4. e5 Nd5 5. Nf3 d6 6. d4 Nc6 7. exd6 cxd6 8. c4 Nb6 9. Nc3 d5 10. c5 Nd7 11. Bb5 O-O 12. O-O a6 13. Ba4 Nf6 14. Re1 Bg4 15. Bxc6 bxc6 16. h3 Bxf3 17. Qxf3 Nd7 18. Rad1 e5 19. dxe5 Nxe5 20. Qg3 Nd7 21. Qd6 Rc8 22. Re7 Rc7 23. Nxd5 cxd5 24. Bxg7 Kxg7 25. Rxd5 Rxc5 26. Rxd7 Rc1+ 27. Kh2 Qf6 28. Qxf6+ Kxf6 29. R7d6+ Kg7 30. Rxa6 Re8 31. Rd2 h5 32. Rad6 h4 33. g3 hxg3+ 34. Kxg3 Re5 35. R6d4 Rf5 36. Rf4 Rg1+ 37. Kf3 Rc5 38. Rd7 Rh1 39. Rfxf7+ Kh6 40. Rh7+ Kg5 41. h4+ Rxh4 42. Rxh4 Kxh4 43. Rd4+ Kh5 44. Rc4 Rd5 45. Ke3 g5 46. a4 g4 47. b4 Kh4 48. Rc8 Rf5 49. b5 Kg5 50. b6 Rf3+ 51. Ke2 Ra3 52. b7 1-0


[Site "https://www.chess.com"]

[Event "Titled Tuesday Blitz April 4 Early 2023"]
[White "Volkov, Maksim"]
[Black "Dushyant Sharma"]
[WhiteFideId "54123070"]
[BlackFideId "25065130"]
[WhiteElo "2312"]
[BlackElo "2198"]
[Result "1/2-1/2"]
[Round "09"]
[TimeControl "180+2"]
[Date "2023.04.04"]
[WhiteClock "0:00:04"]
[BlackClock "0:00:03"]

1. d4 d5 2. c4 e6 3. Nf3 Nf6 4. g3 Be7 5. Bg2 O-O 6. Nc3 dxc4 7. Ne5 c5 8. dxc5 Bxc5 9. O-O Qc7 10. Bf4 Qe7 11. Nxc4 Nc6 12. Bd6 Bxd6 13. Qxd6 Qxd6 14. Nxd6 Rd8 15. Rfd1 Kf8 16. Rac1 Ke7 17. Nxc8+ Raxc8 18. Rxd8 Rxd8 19. Nb5 Rd2 20. Bxc6 bxc6 21. Rxc6 Rxb2 22. a4 a5 23. Rc7+ Kd8 24. Rxf7 Ra2 25. Rxg7 Rxa4 26. Nd6 Ra1+ 27. Kg2 a4 28. Nb7+ Ke8 29. Nc5 a3 30. Ra7 Nd5 31. Nxe6 a2 32. Nc5 Nc3 33. Na4 Nb5 34. Ra8+ Ke7 35. Nb2 Nc3 36. Na4 Nxe2 37. Nb6 Ke6 38. Ra3 Rg1+ 39. Kf3 Nd4+ 40. Ke4 a1=Q 41. Rxa1 Rxa1 42. Kxd4 Ra2 43. Ke3 Kf5 44. Nd5 Kg4 45. h4 Ra3+ 46. Ke2 Ra2+ 47. Ke3 Ra3+ 48. Ke2 h5 49. Ne3+ Kh3 50. Kf3 Ra2 51. Nd5 Ra3+ 52. Ne3 Ra2 53. Nd5 Ra3+ 54. Ke4 Kg2 55. Nf4+ Kxf2 56. Nxh5 Ra4+ 57. Kf5 Ra5+ 58. Kg6 Kf3 59. Nf6 Kxg3 60. h5 Rxh5 61. Nxh5+ 1/2-1/2


[Site "https://www.chess.com"]

[Event "Titled Tuesday Blitz April 4 Early 2023"]
[White "Terletsky, Oleg"]
[Black "Poliakova, Varvara"]
[WhiteFideId "14116774"]
[BlackFideId "13518313"]
[WhiteElo "2084"]
[BlackElo "2075"]
[Result "1-0"]
[Round "09"]
[TimeControl "180+2"]
[Date "2023.04.04"]
[WhiteClock "0:00:16"]
[BlackClock "0:02:08"]

1. e4 e5 2. Nf3 d5 3. exd5 e4 4. Qe2 Nf6 5. Nc3 Be7 6. Nxe4 Nxd5 7. d3 O-O 8. Qd1 f5 9. Nc3 Bb4 10. Bd2 Re8+ 11. Be2 Bxc3 12. bxc3 Qf6 13. d4 Qe7 14. Ne5 Nc6 15. f4 Nf6 16. O-O Be6 17. Rb1 Rab8 18. Bf3 Qd6 19. Be3 Nd5 20. Bd2 Nxe5 21. fxe5 Qd7 22. c4 Nb6 23. d5 Bf7 24. e6 Bxe6 25. dxe6 Qxe6 26. Bc3 Qf6 27. Bxf6 gxf6 28. Bd5+ 1-0


[Site "https://www.chess.com"]

[Event "Titled Tuesday Blitz April 4 Early 2023"]
[White "Munoz, Francisco Javier"]
[Black "TheKnightOfBosnia"]
[WhiteFideId "128368"]
[WhiteElo "2383"]
[BlackElo "2503"]
[Result "0-1"]
[Round "09"]
[TimeControl "180+2"]
[Date "2023.04.04"]
[WhiteClock "0:00:44"]
[BlackClock "0:00:46"]

1. e4 e5 2. Nf3 Nc6 3. Nc3 Nf6 4. Bb5 Bb4 5. d3 d6 6. O-O Bxc3 7. bxc3 O-O 8. Nd2 Ne7 9. f4 exf4 10. Rxf4 Ng6 11. Rf1 c6 12. Bc4 Qb6+ 13. Kh1 Ng4 14. Qe2 d5 15. Ba3 dxc4 16. Nxc4 Qc7 17. Bd6 Qd8 18. h3 Qh4 19. Bxf8 Nxf8 20. Nd6 Be6 21. Nf5 Bxf5 22. Rxf5 Nf6 23. Rb1 b6 24. a4 Re8 25. a5 g6 26. Rf3 Nh5 27. Qe3 Ne6 28. axb6 axb6 29. Qf2 Qxf2 30. Rxf2 b5 31. Rbf1 Ng3+ 32. Kh2 Nxf1+ 33. Rxf1 Ra8 34. Kg3 Ra2 35. Rc1 Nc5 36. Kf3 Na4 37. c4 bxc4 38. dxc4 Ra3+ 39. Kf4 Rc3 40. Ke5 Rxc4 41. Kd6 Kg7 42. e5 Nc3 43. e6 Ne4+ 44. Kd7 Nc5+ 45. Kxc6 Nxe6+ 46. Kd5 Rd4+ 47. Ke5 Rd2 48. c4 Rxg2 49. c5 Rg5+ 50. Kd6 Rxc5 51. Rc4 Rxc4 0-1


[Site "https://www.chess.com"]

[Event "Titled Tuesday Blitz April 4 Early 2023"]
[White "Shvedova, Alexandra"]
[Black "Jakubowski, Krzysztof"]
[WhiteFideId "54154782"]
[BlackFideId "1112848"]
[WhiteElo "2057"]
[BlackElo "2359"]
[Result "1-0"]
[Round "09"]
[TimeControl "180+2"]
[Date "2023.04.04"]
[WhiteClock "0:00:38"]
[BlackClock "0:00:01"]

1. d4 Nf6 2. c4 e6 3. Nf3 b6 4. g3 Ba6 5. Qc2 c5 6. Bg2 Nc6 7. dxc5 bxc5 8. a3 Be7 9. O-O O-O 10. Bf4 Qb6 11. Nbd2 d6 12. h3 Rab8 13. Rab1 h6 14. g4 e5 15. Bg3 Nh7 16. e3 Bc8 17. Nh4 Bxh4 18. Bxh4 f5 19. gxf5 Bxf5 20. Ne4 Rb7 21. Qd2 Rd7 22. Rbd1 Kh8 23. Nc3 Na5 24. Qe2 Qa6 25. Nb5 1-0


[Site "https://www.chess.com"]

[Event "Titled Tuesday Blitz April 4 Early 2023"]
[White "Ehlvest, Jaan"]
[Black "Dudzinski, Pawel"]
[WhiteFideId "4500016"]
[BlackFideId "1117890"]
[WhiteElo "2442"]
[BlackElo "2099"]
[Result "1-0"]
[Round "09"]
[TimeControl "180+2"]
[Date "2023.04.04"]
[WhiteClock "0:00:30"]
[BlackClock "0:00:01"]

1. e4 c6 2. d4 d5 3. e5 c5 4. Nf3 Nc6 5. dxc5 Bg4 6. c3 e6 7. Be3 Bxf3 8. Qxf3 Nxe5 9. Bb5+ Nc6 10. O-O Ne7 11. b4 Nf5 12. Bf4 Be7 13. Nd2 O-O 14. Rad1 a6 15. Bd3 Nh4 16. Qh3 Ng6 17. Nf3 Bf6 18. Bd6 Be7 19. Bg3 Bf6 20. Qh5 e5 21. Bc2 Re8 22. Bb3 Nce7 23. Rfe1 Nf4 24. Bxf4 exf4 25. Ng5 Bxg5 26. Qxg5 Ng6 27. Qxd5 Qxd5 28. Bxd5 Rad8 29. Bxb7 Rxe1+ 30. Rxe1 a5 31. c6 Nf8 32. c7 1-0


[Site "https://www.chess.com"]

[Event "Titled Tuesday Blitz April 4 Early 2023"]
[White "Gontcharov, Vladislav"]
[Black "Shubenkova, Veronika"]
[WhiteFideId "4123492"]
[BlackFideId "44124040"]
[WhiteElo "2420"]
[BlackElo "2027"]
[Result "1-0"]
[Round "09"]
[TimeControl "180+2"]
[Date "2023.04.04"]
[WhiteClock "0:00:22"]
[BlackClock "0:00:45"]

1. d4 d5 2. c4 e6 3. Nc3 Nf6 4. Bg5 Be7 5. e3 c6 6. Nf3 Nbd7 7. Bd3 dxc4 8. Bxc4 O-O 9. O-O Nd5 10. Bxe7 Qxe7 11. Rc1 b5 12. Bd3 Bb7 13. Ne4 a6 14. Bb1 Rac8 15. Nc5 Nxc5 16. Rxc5 Nb6 17. Qd3 g6 18. Rfc1 Na4 19. R5c2 c5 20. dxc5 Nxc5 21. Qa3 Bxf3 22. Rxc5 Rxc5 23. Qxc5 Qxc5 24. Rxc5 Bb7 25. Kf1 Rd8 26. Bc2 Rd2 27. Ke1 Rd8 28. f3 Rc8 29. Rxc8+ Bxc8 30. Kd2 Kf8 31. Kc3 Ke7 32. Kb4 Kd6 33. Ka5 Kc5 34. Bd3 f5 35. b4+ Kc6 36. f4 Kb7 37. Bc2 Bd7 38. Bb3 Bc6 39. Bxe6 Bxg2 40. Bg8 h6 41. Bh7 g5 42. Bxf5 Bd5 43. a3 gxf4 44. exf4 Bf7 45. Be4+ Ka7 46. f5 Bc4 47. Bc6 Bf7 48. Bd7 Kb7 49. Be6 Bxe6 50. fxe6 Kc7 51. Kxa6 Kd6 52. Kxb5 Kxe6 53. a4 Kd7 54. a5 Kc8 55. a6 Kb8 56. Kb6 Ka8 57. b5 Kb8 58. Kc6 Ka8 59. b6 h5 60. Kc7 h4 61. b7+ Ka7 62. b8=Q+ Kxa6 63. Qb6# 1-0


[Site "https://www.chess.com"]

[Event "Titled Tuesday Blitz April 4 Early 2023"]
[White "Fiorito, Francisco"]
[Black "Bowden, Karl"]
[WhiteFideId "180165"]
[BlackFideId "400548"]
[WhiteElo "2341"]
[BlackElo "2466"]
[Result "1-0"]
[Round "09"]
[TimeControl "180+2"]
[Date "2023.04.04"]
[WhiteClock "0:00:08"]
[BlackClock "0:00:03"]

1. d4 Nf6 2. Bf4 c6 3. e3 Qb6 4. Qc1 Nh5 5. Bg3 Nxg3 6. hxg3 g6 7. Nf3 Bg7 8. Bd3 d6 9. Nbd2 Nd7 10. c3 Qc7 11. Qc2 e5 12. Rd1 Nf6 13. dxe5 dxe5 14. Nc4 Ng4 15. Be2 Bf5 16. e4 Bd7 17. Ng5 Nh6 18. Nd6+ Kf8 19. Rxh6 Bxh6 20. Ngxf7 Kg7 21. Nxh8 Rxh8 22. Qb3 Bc8 23. Nxc8 Rxc8 24. Qe6 Rd8 25. Rxd8 Qxd8 26. Qxe5+ Qf6 27. Qc7+ Qf7 28. Qxf7+ Kxf7 29. f4 g5 30. Bc4+ Ke7 31. Bg8 gxf4 32. gxf4 Bxf4 33. Bxh7 Kf6 34. Ke2 Ke5 35. Bf5 b6 36. b3 a5 37. Bd7 c5 38. Kd3 Bg3 39. Bc6 Kd6 40. Bd5 Ke5 41. Kc4 Kd6 42. Kb5 Kc7 43. Bc6 Be5 44. c4 Bg3 45. Bd5 Be5 46. g4 Bg7 47. g5 Be5 48. g6 Bg7 49. Ka4 Bf6 50. a3 Bc3 51. Kb5 Bg7 52. b4 axb4 53. axb4 cxb4 54. Kxb4 Kd6 55. Kb5 Kc7 56. Be6 Be5 57. Bf5 Bg7 58. c5 bxc5 59. Kxc5 Kd8 60. Kd6 Ke8 61. Ke6 Kf8 62. e5 Kg8 63. Bb1 Kf8 64. Ba2 Bh6 65. Kf6 Bg7+ 66. Ke6 Bh6 67. Kd7 Bf4 68. e6 Bg5 69. Bb1 1-0


[Site "https://www.chess.com"]

[Event "Titled Tuesday Blitz April 4 Early 2023"]
[White "Francisco Guecamburu, Candela Be"]
[Black "a-z30"]
[WhiteFideId "160911"]
[WhiteElo "2326"]
[BlackElo "2450"]
[Result "0-1"]
[Round "09"]
[TimeControl "180+2"]
[Date "2023.04.04"]
[WhiteClock "0:00:02"]
[BlackClock "0:00:19"]

1. e4 d6 2. d4 Nf6 3. Nc3 g6 4. Be3 Bg7 5. Nf3 O-O 6. Qd2 Bg4 7. Be2 Nc6 8. O-O-O Bxf3 9. gxf3 e5 10. d5 Nd4 11. h4 Nh5 12. Bg5 f6 13. Be3 f5 14. Bg5 Qe8 15. f4 Nxf4 16. Bxf4 exf4 17. exf5 Nxe2+ 18. Nxe2 Qe5 19. c3 Qxf5 20. h5 Rae8 21. hxg6 hxg6 22. c4 Re4 23. Qd3 Rfe8 24. Nc3 Bxc3 25. Qxc3 Qe5 26. Qh3 Qg7 27. Kb1 Re2 28. Qb3 b6 29. Qb5 a6 30. Qb3 Rxf2 31. Rhe1 Rfe2 32. Rxe2 Rxe2 33. Rf1 Qe5 34. Rg1 Qe4+ 35. Kc1 Re1+ 36. Rxe1 Qxe1+ 37. Kc2 Qe4+ 38. Kd1 f3 39. Qc3 Qe2+ 40. Kc1 f2 0-1


[Site "https://www.chess.com"]

[Event "Titled Tuesday Blitz April 4 Early 2023"]
[White "Moral Garcia, Serafin"]
[Black "Gurevich, Dmitry"]
[WhiteFideId "2201925"]
[BlackFideId "2000407"]
[WhiteElo "2274"]
[BlackElo "2506"]
[Result "0-1"]
[Round "09"]
[TimeControl "180+2"]
[Date "2023.04.04"]
[WhiteClock "0:02:25"]
[BlackClock "0:02:22"]

1. Nf3 Nf6 2. b3 g6 3. Bb2 Bg7 4. c4 O-O 5. e3 c5 6. Be2 Nc6 7. O-O b6 8. d4 cxd4 9. Nxd4 Bb7 10. Bf3 Rb8 11. Nc3 Nxd4 12. Bxb7 Nxb3 13. Bf3 Nxa1 14. Bxa1 Rc8 15. Nd5 Rxc4 0-1


[Site "https://www.chess.com"]

[Event "Titled Tuesday Blitz April 4 Early 2023"]
[White "Gubajdullin, Alexei"]
[Black "Rizzo, Tobias"]
[WhiteFideId "4141202"]
[BlackFideId "30942691"]
[WhiteElo "2279"]
[BlackElo "2437"]
[Result "0-1"]
[Round "09"]
[TimeControl "180+2"]
[Date "2023.04.04"]
[WhiteClock "0:00:11"]
[BlackClock "0:00:18"]

1. d4 Nf6 2. Nf3 g6 3. Bf4 Bg7 4. e3 O-O 5. Be2 c5 6. O-O d5 7. c3 Qb6 8. Qb3 Nc6 9. dxc5 Qxc5 10. Ne5 Ne4 11. Nd3 Qa5 12. Qa3 Qb6 13. Rd1 e5 14. Bg3 Be6 15. Nd2 f5 16. Nb3 f4 17. exf4 exf4 18. Bh4 g5 19. Nbc5 Bf5 20. Bxg5 Nxg5 21. Nxf4 d4 22. Nd5 Qd8 23. Bc4 Kh8 24. Nxb7 Qb8 25. Nd6 dxc3 26. bxc3 Bg6 27. Qc5 Ne5 28. Be2 Qb2 29. Qe3 Rad8 30. f4 Rxd6 31. fxe5 Rxd5 32. Rxd5 Qxa1+ 33. Rd1 Qb2 34. e6 Qb6 35. Qxb6 axb6 36. e7 Re8 37. Rd8 Bf6 38. Bb5 Rxd8 39. exd8=Q+ Bxd8 40. c4 Be7 41. Kf2 Bc5+ 42. Kg3 Ne4+ 43. Kf4 Kg7 44. h4 Nc3 45. Bc6 Nxa2 46. g3 Nc1 47. g4 Nd3+ 48. Kg3 Ne5 49. Bb5 Bf7 50. Kf4 Nxc4 51. g5 Nd6 52. Bd7 b5 53. h5 Bxh5 54. Ke5 Bf7 55. Bc6 b4 56. Ba4 b3 57. g6 hxg6 58. Kf4 b2 59. Bc2 Bb3 60. Bb1 Nc4 61. Bd3 Nd2 62. Ke5 b1=Q 63. Bxg6 Qxg6 64. Kf4 Qe4+ 65. Kg3 Qf3+ 66. Kh4 Be7# 0-1


[Site "https://www.chess.com"]

[Event "Titled Tuesday Blitz April 4 Early 2023"]
[White "Guzman Moneo, Alberto"]
[Black "Padmini, Rout"]
[WhiteFideId "2209616"]
[BlackFideId "5029295"]
[WhiteElo "2157"]
[BlackElo "2314"]
[Result "1-0"]
[Round "09"]
[TimeControl "180+2"]
[Date "2023.04.04"]
[WhiteClock "0:00:18"]
[BlackClock "0:00:02"]

1. e4 e6 2. d3 d5 3. Nd2 dxe4 4. dxe4 e5 5. Ngf3 Nc6 6. Bb5 Bd6 7. Nc4 Qe7 8. O-O Nf6 9. Bg5 h6 10. Bh4 a6 11. Nxd6+ cxd6 12. Bd3 g5 13. Bg3 h5 14. h4 g4 15. Nd2 Nd7 16. Nc4 b5 17. Ne3 Nc5 18. Nd5 Qd8 19. f4 Be6 20. fxe5 dxe5 21. Qe2 Bxd5 22. exd5 Qxd5 23. Rae1 Nxd3 24. cxd3 O-O-O 25. Rc1 Kb7 26. a4 Rd7 27. axb5 axb5 28. Qf2 Re8 29. Rc5 Qd4 30. Rxb5+ Ka6 31. Rb3 Nb4 32. Ra1+ Kb5 33. Qxd4 Rxd4 34. Ra7 Kb6 35. Rxf7 Kc5 36. Bf2 Ra8 37. Bxd4+ exd4 38. Rf5+ Nd5 39. Ra3 Re8 40. Ra5+ Kb4 41. Raxd5 g3 42. Rxd4+ Kb3 43. Re4 Rc8 44. Rf1 1-0


[Site "https://www.chess.com"]

[Event "Titled Tuesday Blitz April 4 Early 2023"]
[White "nicolasulaneobelassi"]
[Black "Krsnik Cohar, Ivan Vihor"]
[BlackFideId "14520044"]
[WhiteElo "2319"]
[BlackElo "2414"]
[Result "0-1"]
[Round "09"]
[TimeControl "180+2"]
[Date "2023.04.04"]
[WhiteClock "0:00:32"]
[BlackClock "0:00:55"]

1. e4 c5 2. Nf3 g6 3. c3 Bg7 4. d4 cxd4 5. cxd4 d5 6. exd5 Nf6 7. Nc3 Nxd5 8. Bb5+ Bd7 9. Bc4 Bc6 10. O-O O-O 11. Ne5 Nxc3 12. bxc3 Bd5 13. Bd3 Nd7 14. Bf4 Rc8 15. Nxd7 Qxd7 16. Qd2 b5 17. Rfe1 a6 18. a4 Bc4 19. axb5 axb5 20. Be5 e6 21. Bxg7 Kxg7 22. Be4 Rfd8 23. Qg5 Bd5 24. Bxd5 Qxd5 25. Re3 Qxg5 0-1


[Site "https://www.chess.com"]

[Event "Titled Tuesday Blitz April 4 Early 2023"]
[White "Leebit02"]
[Black "Molina, Roberto Junio Brito"]
[BlackFideId "2109450"]
[WhiteElo "2421"]
[BlackElo "2376"]
[Result "1/2-1/2"]
[Round "09"]
[TimeControl "180+2"]
[Date "2023.04.04"]
[WhiteClock "0:00:31"]
[BlackClock "0:01:46"]

1. e4 c5 2. Nf3 d6 3. d4 cxd4 4. Nxd4 Nf6 5. Nc3 a6 6. h3 e6 7. g4 b5 8. Bg2 Bb7 9. a3 h6 10. Be3 Nbd7 11. Nde2 Ne5 12. O-O Nc4 13. Bc1 Rc8 14. b3 Nb6 15. f4 Qc7 16. Be3 d5 17. e5 Bc5 18. Bxc5 Qxc5+ 19. Kh2 Ne4 20. Nxe4 dxe4 21. Ng3 Qxc2 22. Rc1 Qxd1 23. Rfxd1 Rxc1 24. Rxc1 Kd7 25. Nxe4 Bxe4 26. Bxe4 Rc8 27. Rxc8 Kxc8 28. Kg3 a5 29. Kf3 a4 30. bxa4 bxa4 31. Bc6 Nc4 32. Bxa4 Nxa3 33. Be8 f6 34. exf6 gxf6 35. h4 Kd8 36. Bg6 Nb5 37. g5 fxg5 38. fxg5 hxg5 39. hxg5 Ke7 40. Bd3 Nd6 41. Kf4 Nf7 42. g6 Kf6 43. gxf7 Kxf7 44. Ke5 Ke7 45. Bc4 Kd7 46. Bxe6+ 1/2-1/2


[Site "https://www.chess.com"]

[Event "Titled Tuesday Blitz April 4 Early 2023"]
[White "Kaczur, Florian"]
[Black "Jaskolka, Tomasz"]
[WhiteFideId "705098"]
[BlackFideId "1170791"]
[WhiteElo "2485"]
[BlackElo "2155"]
[Result "1/2-1/2"]
[Round "09"]
[TimeControl "180+2"]
[Date "2023.04.04"]
[WhiteClock "0:00:05"]
[BlackClock "0:00:03"]

1. e4 c5 2. Nf3 e6 3. d4 cxd4 4. Nxd4 Nc6 5. Nc3 Qc7 6. Be3 a6 7. a3 b5 8. Nxc6 dxc6 9. Qg4 e5 10. Qg3 Nf6 11. Bd3 Be6 12. O-O Nh5 13. Qf3 Nf4 14. Bxf4 exf4 15. Nd5 cxd5 16. exd5 Bd7 17. Rfe1+ Kd8 18. d6 Qb8 19. Rad1 Bxd6 20. Be4 Ra7 21. Bc6 Bxc6 22. Qxc6 Rd7 23. Re2 Re8 24. Rxe8+ Kxe8 25. Qxa6 Be5 26. Qc6 Qc7 27. Qxb5 f6 28. h4 f3 29. gxf3 Ke7 30. Rxd7+ Qxd7 31. Qb4+ Bd6 32. Qe4+ Qe6 33. Kg2 f5 34. Qe3 Kf7 35. Qd3 Qg6+ 36. Kf1 Qf6 37. b4 Be7 38. c4 Qa1+ 39. Kg2 Qf6 40. c5 Qxh4 41. Qxf5+ Qf6 42. Qxh7 Qg5+ 43. Kf1 Qc1+ 44. Ke2 Qb2+ 45. Kf1 Qc1+ 46. Kg2 Qxa3 47. Qf5+ Bf6 48. Qd5+ Kg6 49. b5 Qc1 50. b6 Qb2 51. b7 Bd4 52. c6 Qxf2+ 53. Kh3 Qf1+ 54. Kg3 Qg1+ 55. Kf4 Qe3+ 56. Kg3 Qg1+ 57. Kh3 Qh1+ 58. Kg3 Qg1+ 1/2-1/2


[Site "https://www.chess.com"]

[Event "Titled Tuesday Blitz April 4 Early 2023"]
[White "Weetik, Vjacheslav"]
[Black "Andreev, Konstantin"]
[WhiteFideId "4153472"]
[BlackFideId "24239305"]
[WhiteElo "2469"]
[BlackElo "2106"]
[Result "1-0"]
[Round "09"]
[TimeControl "180+2"]
[Date "2023.04.04"]
[WhiteClock "0:00:12"]
[BlackClock "0:00:27"]

1. e4 c5 2. Nf3 e6 3. d4 cxd4 4. Nxd4 Nc6 5. Nc3 Qc7 6. g3 a6 7. Bg2 Nf6 8. O-O Nxd4 9. Qxd4 Bc5 10. Bf4 d6 11. Qd2 h6 12. Rad1 e5 13. Be3 Bxe3 14. fxe3 Be6 15. Qxd6 Qxd6 16. Rxd6 Nd7 17. Nd5 Bxd5 18. Rxd5 Ke7 19. Bh3 Nb6 20. Rxe5+ Kd6 21. Ref5 f6 22. e5+ fxe5 23. Rd1+ Kc6 24. Rxe5 Rae8 25. Bg2+ Kc7 26. Rc5+ Kb8 27. Rd3 Rc8 28. Rxc8+ Rxc8 29. c3 Nc4 30. b3 Ne5 31. Rd5 Ng4 32. Rd7 Rc7 33. Rxc7 Kxc7 34. e4 Ne3 35. Bf3 Nc2 36. Kf2 b6 37. a4 Na3 38. Ke3 a5 39. Be2 Kd6 40. Kd4 Nb1 41. e5+ Ke6 42. Bg4+ Ke7 43. Kd3 Na3 44. b4 axb4 45. cxb4 b5 46. a5 Nc4 47. Kd4 g6 48. Be2 Nd2 49. Bxb5 Kd8 50. Be2 Nb3+ 51. Kd5 Kd7 52. a6 Kc7 53. e6 1-0


[Site "https://www.chess.com"]

[Event "Titled Tuesday Blitz April 4 Early 2023"]
[White "De La Colina, Nicolas"]
[Black "Reprintsev, Alexander"]
[WhiteFideId "30946921"]
[BlackFideId "14100541"]
[WhiteElo "2046"]
[BlackElo "2211"]
[Result "1-0"]
[Round "09"]
[TimeControl "180+2"]
[Date "2023.04.04"]
[WhiteClock "0:00:08"]
[BlackClock "0:00:09"]

1. e4 d5 2. exd5 Qxd5 3. Nf3 Bg4 4. Be2 Nc6 5. d4 O-O-O 6. Be3 e5 7. c4 Qa5+ 8. Bd2 Qa6 9. d5 Bxf3 10. Bxf3 Nd4 11. Be2 Qg6 12. O-O h5 13. Nc3 h4 14. h3 f5 15. Be3 Bc5 16. Nb5 Qf6 17. b4 Nxe2+ 18. Qxe2 Bxe3 19. Qxe3 a6 20. Nc3 f4 21. Qa7 Qb6 22. Qxb6 cxb6 23. Rfe1 Re8 24. Ne4 Kd7 25. c5 Nf6 26. Nd6 Nxd5 27. Nxe8 Rxe8 28. Rad1 Kc6 29. cxb6 Nxb4 30. a3 Nd5 31. Rb1 e4 32. Rec1+ Kd6 33. Rd1 Re5 34. Rb4 g5 35. a4 e3 36. fxe3 fxe3 37. Rb2 e2 38. Re1 Nf4 39. Rd2+ Kc6 40. Rd4 Kxb6 41. Kf2 Ka5 42. g3 Nxh3+ 43. Kg2 g4 44. Rxg4 Ng5 45. gxh4 Ne6 46. Kf2 b5 47. axb5 axb5 48. Rxe2 Rf5+ 49. Ke1 Nc5 50. Ra2+ Na4 51. Rg5 Rf4 52. Rh2 Re4+ 53. Kf1 Nc3 54. h5 Rf4+ 55. Kg2 Rf8 56. h6 Ne2 57. h7 Nf4+ 58. Kh1 Ne6 59. Rg8 Rf1+ 60. Kg2 Rc1 61. h8=Q Nf4+ 62. Kf3 Nd5 63. Ra8+ Kb4 64. Qb2+ 1-0


[Site "https://www.chess.com"]

[Event "Titled Tuesday Blitz April 4 Early 2023"]
[White "Romero Pallares, Daniel"]
[Black "Perez Gormaz, Matias"]
[WhiteFideId "32025637"]
[BlackFideId "3406342"]
[WhiteElo "2195"]
[BlackElo "2362"]
[Result "0-1"]
[Round "09"]
[TimeControl "180+2"]
[Date "2023.04.04"]
[WhiteClock "0:01:18"]
[BlackClock "0:01:14"]

1. d4 d5 2. Nf3 e6 3. e3 Nf6 4. Bd3 Bd6 5. O-O O-O 6. Nbd2 c5 7. c3 Nbd7 8. Qe2 e5 9. dxe5 Nxe5 10. Nxe5 Bxe5 11. e4 Re8 12. f4 dxe4 13. Nxe4 Bd4+ 14. cxd4 Nxe4 15. Bxe4 Qxd4+ 16. Qf2 Rxe4 17. f5 Qxf2+ 18. Rxf2 Re1+ 19. Rf1 Rxf1+ 20. Kxf1 Bxf5 21. Be3 b6 22. Rd1 Kf8 23. Bf4 Be6 24. b3 Ke8 25. Kf2 Rc8 26. Re1 c4 27. bxc4 Rxc4 28. Re2 Rxf4+ 0-1


[Site "https://www.chess.com"]

[Event "Titled Tuesday Blitz April 4 Early 2023"]
[White "Goltseva, Ekaterina"]
[Black "Gold_Ocean"]
[WhiteFideId "24173770"]
[WhiteElo "2200"]
[BlackElo "2631"]
[Result "0-1"]
[Round "09"]
[TimeControl "180+2"]
[Date "2023.04.04"]
[WhiteClock "0:00:05"]
[BlackClock "0:00:09"]

1. c4 e5 2. Nc3 Nf6 3. g3 c6 4. Bg2 Be7 5. e4 c5 6. Nge2 Nc6 7. d3 d6 8. Bg5 Be6 9. Bxf6 Bxf6 10. a3 O-O 11. O-O g6 12. f4 exf4 13. gxf4 Bg4 14. Qd2 Bg7 15. Ng3 Nd4 16. Rae1 h5 17. h3 Bd7 18. Nd5 Qh4 19. Kh2 Kh8 20. Qf2 Ne6 21. e5 dxe5 22. f5 Ng5 23. f6 Bh6 24. Ne4 Qxf2 25. Rxf2 Ne6 26. b4 cxb4 27. axb4 Bc6 28. Nd6 Rad8 29. c5 b6 30. b5 bxc5 31. Nxf7+ Rxf7 32. bxc6 Bf4+ 33. Kh1 Bg3 34. Rfe2 Bxe1 35. Rxe1 Nd4 36. Rxe5 Nxc6 37. Re7 Nxe7 38. fxe7 Re8 39. Be4 Kg7 40. Kg2 Rfxe7 41. Nxe7 Rxe7 42. Kf3 Rxe4 43. Kxe4 a5 44. Kd5 a4 45. Kc4 Kf6 46. Kc3 g5 47. Kc4 g4 0-1


[Site "https://www.chess.com"]

[Event "Titled Tuesday Blitz April 4 Early 2023"]
[White "Nguyen Hong Nhung"]
[Black "Souleidis, Georgios"]
[WhiteFideId "12412201"]
[BlackFideId "4206827"]
[WhiteElo "1968"]
[BlackElo "2401"]
[Result "1-0"]
[Round "09"]
[TimeControl "180+2"]
[Date "2023.04.04"]
[WhiteClock "0:00:58"]
[BlackClock "0:00:05"]

1. e4 c5 2. Nc3 e6 3. f4 a6 4. a4 d5 5. Nf3 Nc6 6. d3 Nf6 7. g3 Be7 8. Bg2 O-O 9. O-O Rb8 10. Ne5 Qc7 11. exd5 exd5 12. Bxd5 Nxe5 13. fxe5 Qxe5 14. Bg2 Bg4 15. Qe1 Bd6 16. Bf4 Qxe1 17. Raxe1 Bxf4 18. Rxf4 b5 19. b3 b4 20. Nd5 Nxd5 21. Bxd5 Bh5 22. Re7 a5 23. h4 Rbd8 24. Bc4 Rd4 25. Rxd4 cxd4 26. Re4 Bd1 27. Rxd4 Bxc2 28. Rd5 g6 29. Rxa5 Rd8 30. Rb5 Bxd3 31. Rxb4 Bxc4 32. Rxc4 Rd3 33. b4 Rxg3+ 34. Kf2 Ra3 35. b5 f5 36. b6 Rb3 37. a5 Kg7 38. Ra4 Kf6 39. a6 Rxb6 40. a7 Rb2+ 41. Ke3 Rb3+ 42. Kd2 Rb2+ 43. Kc3 1-0


[Site "https://www.chess.com"]

[Event "Titled Tuesday Blitz April 4 Early 2023"]
[White "Martic, Ivan"]
[Black "M_Bozorov"]
[WhiteFideId "929301"]
[WhiteElo "2360"]
[BlackElo "2458"]
[Result "1/2-1/2"]
[Round "09"]
[TimeControl "180+2"]
[Date "2023.04.04"]
[WhiteClock "0:00:11"]
[BlackClock "0:00:22"]

1. d4 Nf6 2. Bg5 Ne4 3. Bf4 d5 4. e3 c5 5. Bd3 Nf6 6. c3 Nc6 7. Nd2 Qb6 8. Qb1 cxd4 9. exd4 Bg4 10. Ngf3 Bh5 11. O-O e6 12. Re1 Bg6 13. Ne5 Nxe5 14. Bxe5 Be7 15. Bxg6 hxg6 16. Qd3 Rc8 17. Rab1 Qa6 18. Qxa6 bxa6 19. Bxf6 gxf6 20. g3 Kd7 21. h4 Rc7 22. Nf3 Rb8 23. Rec1 a5 24. Ne1 a4 25. Nd3 Bd6 26. Re1 f5 27. f4 Rcb7 28. Rec1 Rc7 29. Kf1 Ke7 30. Ke2 Kd7 31. Kd2 Ke7 32. b3 axb3 33. Rxb3 Rxb3 34. axb3 a5 35. Ra1 Rb7 36. Kc2 Rb5 37. c4 dxc4 38. bxc4 Rb7 39. Rxa5 f6 40. c5 Bc7 41. Ra6 g5 42. hxg5 fxg5 43. Ne5 gxf4 44. gxf4 Bxe5 45. dxe5 Rb4 46. Ra7+ Kd8 47. Kc3 Rxf4 48. Ra6 Kd7 49. Ra7+ Kc6 50. Re7 Kxc5 51. Rxe6 Kd5 52. Re8 Re4 53. Kd3 Rxe5 54. Rf8 Ke6 55. Re8+ Kd5 56. Rxe5+ Kxe5 57. Ke3 f4+ 58. Kf3 Kf5 59. Kf2 Ke4 60. Ke2 f3+ 61. Kf2 Kf4 62. Kf1 Ke3 63. Ke1 Ke4 64. Kf2 Kf4 65. Kf1 Kg4 66. Kf2 Kf4 1/2-1/2


[Site "https://www.chess.com"]